 Dungeon Sprint DCSS version 0.30-a0-802-gb92711bcdf (webtiles) character file.

Game seed: 1953421631431172476

4103 BigDaddyOpFi the Champion of Chaos (level 10, -5/76 HPs)
             Began as an Octopode Fighter on Feb 24, 2023.
             Was the Champion of Makhleb.
             Slain by an unseen horror (11 damage)
             ... in the Dungeon (Sprint VII: "The Pits").
             The game lasted 00:03:23 (1665 turns).

BigDaddyOpFi the Champion of Chaos (OpFi)           Turns: 1665, Time: 00:03:23

Health: -5/76      AC:  1    Str: 20    XL:     10   Next: 26%
Magic:  21/21      EV: 19    Int: 14    God:    Makhleb [******]
Gold:   0          SH:  6    Dex: 11    Spells: 9/9 levels left

rFire   . . .      SeeInvis .    p - +2 war axe (heavy)
rCold   . . .      Faith    .    b - +0 buckler
rNeg    . . .      Spirit   .    (helmet restricted)
rPois   .          Reflect  .    (no amulet)
rElec   .          Harm     .    l - +3 ring of evasion
rCorr   .          Rampage  .    m - +3 ring of intelligence
Will    .....      NoTele   +    (no ring)
Stlth   ++                       (no ring)
HPRegen 0.32/turn                (no ring)
MPRegen 0.17/turn                (no ring)
                                 (no ring)
                                 (no ring)

@: mighty
A: almost no armour, amphibious, 8 rings, camouflage 1, gelatinous body 1,
(nimble swimmer 1), tentacles
a: Renounce Religion, Minor Destruction, Lesser Servant of Makhleb, Major
Destruction, Greater Servant of Makhleb


You were in the Dungeon.
You worshipped Makhleb.
Makhleb was exalted by your worship.
You visited 1 branch

Inventory:

Hand Weapons
 p - a +2 heavy war axe (weapon)
Armour
 b - a +0 buckler (worn)
Jewellery
 l - a +3 ring of evasion (left tentacle)
 m - a +3 ring of intelligence (right tentacle)
Potions
 c - 2 potions of might
 g - 4 potions of magic
 h - 3 potions of berserk rage
 j - 2 potions of invisibility
 k - 2 potions of brilliance
 n - a potion of resistance


   Skills:
 + Level 10.2 Fighting
 + Level 10.1 Axes
 + Level 10.2 Dodging
 + Level 10.2 Shields
 * Level 15.0 Invocations


You had 9 spell levels left.
You didn't know any spells.
Your spell library was empty.

Dungeon Overview and Level Annotations

Branches:
Dungeon (1/1)

Altars:
Ashenzari
Cheibriados
Dithmenos
Elyvilon
Fedhas
Gozag
Hepliaklqana
Kikubaaqudgha
Makhleb
Nemelex Xobeh
Okawaru
Qazlal
Ru
Sif Muna
Trog
Uskayaw
Vehumet
Wu Jian
Xom
Yredelemnul
Zin
The Shining One
Jiyva
Lugonu


Innate Abilities, Weirdness & Mutations

You cannot wear most types of armour.
You are amphibious.
You can wear up to eight rings at the same time.
Your skin changes colour to match your surroundings (Stealth+).
Your rubbery body absorbs attacks. (AC +1, EV +1)
((You are camouflaged when in or above water. (Stealth+)))
You have tentacles for arms and can constrict up to eight enemies at once.


Message History

You close the door.
You start resting.
Your extra speed is starting to run out.
You start resting.
You feel yourself slow down.
You start resting.
You feel a little less mighty now.
You start resting.
You start resting.
You start resting.
HP restored.
You start waiting.
You start waiting.
You open the door.
There is an open door here.
You open the door.
The yak bellows!
The yak bellows! x2
You hit the yak but do no damage. The yak closely misses you. x2
You slice the yak!!
The yak is severely wounded.
You block the yak's attack.
You hit the yak. You squeeze the yak!
You kill the yak!
Makhleb accepts your kill. Something hits you! Something hits you.
Your Invocations skill increases to level 15!
Something hits you. Something hits you! x2
You slash something! Something hits you. Something barely misses you. x2
You slash something! Something hits you. Something closely misses you.
You barely miss something. Something hits you. Something hits you!
You slash something! Your squeeze misses something. Something hits you.
Something hits you!
* * * LOW HITPOINT WARNING * * *
You block something's attack. Something hits you!
* * * LOW HITPOINT WARNING * * *
You feel very mighty all of a sudden. Something hits you!
You die...

############ #_________.#
#_________.#
#_______...###########++####
##########'##...............
#.?(.')))'.##......#..#.....
##########.##Y..............
#..........@{YY.............
#'#####'#####Y....รท#..#.....
#.#..#...'.##......Y........
#.#..#)..#.#####'#####Y'####
#.#..#####.##.......##'Y####
#.#..'..)#.##.......##......
#.#..'...'.##.......##Y.....
#.#..########...<...##.....#
#.#..'[))).##.......##YY.###


You could see 4 yaks.

Vanquished Creatures
  A two-headed ogre (D)
  A death yak (D)
  7 dream sheep (D)
  Sigmund (D)
  2 flying skulls (D)
  A yak (D)
  2 redbacks (D)
  A floating eye (D)
  A black bear (D)
  A gnoll sergeant (D)
  A bullfrog (D)
  A killer bee (D)
  A crimson imp (D)
  2 orc wizards (D)
  A gnoll (D)
  An adder (D)
  An ufetubus (D)
  A worm (D)
  2 endoplasms (D)
  A goblin (D)
  2 ball pythons (D)
  A bat (D)
  A frilled lizard (D)
  A quokka skeleton (D)
35 creatures vanquished.

Vanquished Creatures (collateral kills)
  A hellwing (D)
  A shadow (D)
  A mummy (D)
3 creatures vanquished.

Grand Total: 38 creatures vanquished

Notes
Turn   | Place    | Note
-------+----------+-------------------------------------------
     0 | D        | BigDaddyOpFi the Octopode Fighter began the quest for the
                  | Orb.
     0 | D        | Reached XP level 1. HP: 16/16 MP: 1/1
     8 | D        | Noticed a floating eye
     9 | D        | Paralysed by a floating eye for 4 turns
    14 | D        | Killed a floating eye
    15 | D        | Reached skill level 5 in Invocations
    15 | D        | Reached XP level 2. HP: 23/23 MP: 1/5
    15 | D        | Reached XP level 3. HP: 27/27 MP: 1/7
    15 | D        | Reached XP level 4. HP: 34/34 MP: 1/8
    19 | D        | Found a bloodstained altar of Trog.
    19 | D        | Found a shimmering blue altar of Sif Muna.
    19 | D        | Found a viscous altar of Jiyva.
    19 | D        | Found a hazy altar of Hepliaklqana.
    19 | D        | Found an opulent altar of Gozag.
    20 | D        | Found a glowing golden altar of the Shining One.
    20 | D        | Found a glowing silver altar of Zin.
    20 | D        | Found a basalt altar of Yredelemnul.
    20 | D        | Found a shimmering altar of Xom.
    20 | D        | Found an ornate altar of the Wu Jian Council.
    20 | D        | Found a sacrificial altar of Ru.
    20 | D        | Found a stormy altar of Qazlal.
    20 | D        | Found an iron altar of Okawaru.
    20 | D        | Found a sparkling altar of Nemelex Xobeh.
    20 | D        | Found a burning altar of Makhleb.
    20 | D        | Found a blossoming altar of Fedhas.
    20 | D        | Found a white marble altar of Elyvilon.
    20 | D        | Found a shadowy altar of Dithmenos.
    20 | D        | Found a snail-covered altar of Cheibriados.
    21 | D        | Found a radiant altar of Vehumet.
    21 | D        | Found a corrupted altar of Lugonu.
    22 | D        | Found an ancient bone altar of Kikubaaqudgha.
    22 | D        | Found a hide-covered altar of Uskayaw.
    22 | D        | Found a broken altar of Ashenzari.
    28 | D        | Became a worshipper of Makhleb the Destroyer
   134 | D        | Reached * piety under Makhleb
   261 | D        | Reached ** piety under Makhleb
   262 | D        | Reached XP level 5. HP: 25/38 MP: 9/9
   262 | D        | Noticed a flying skull
   269 | D        | Killed a flying skull
   270 | D        | Reached skill level 5 in Fighting
   270 | D        | Reached skill level 5 in Axes
   270 | D        | Reached skill level 5 in Dodging
   270 | D        | Reached skill level 5 in Shields
   270 | D        | Reached skill level 7 in Invocations
   270 | D        | Reached XP level 6. HP: 33/46 MP: 9/11
   361 | D        | Noticed a black bear
   377 | D        | Killed a black bear
   378 | D        | Reached skill level 8 in Invocations
   381 | D        | Reached *** piety under Makhleb
   385 | D        | Noticed Sigmund
   540 | D        | Killed Sigmund
   541 | D        | Reached skill level 9 in Invocations
   541 | D        | Reached XP level 7. HP: 37/53 MP: 12/14
   690 | D        | Reached **** piety under Makhleb
   691 | D        | Reached skill level 10 in Invocations
   826 | D        | Reached ***** piety under Makhleb
   904 | D        | Noticed a hellwing
   904 | D        | Noticed a shadow
   910 | D        | Killed a hellwing
   910 | D        | Killed a shadow
   911 | D        | Reached skill level 11 in Invocations
   911 | D        | Reached XP level 8. HP: 25/61 MP: 14/16
  1239 | D        | Noticed a two-headed ogre
  1239 | D        | Noticed a dream sheep
  1239 | D        | Noticed a dream sheep
  1239 | D        | Noticed a dream sheep
  1239 | D        | Noticed a dream sheep
  1239 | D        | Noticed a dream sheep
  1239 | D        | Noticed a dream sheep
  1240 | D        | Killed a dream sheep
  1241 | D        | Noticed a dream sheep
  1248 | D        | Killed a dream sheep
  1248 | D        | Killed a dream sheep
  1249 | D        | Reached skill level 12 in Invocations
  1249 | D        | Reached XP level 9. HP: 58/67 MP: 16/18
  1251 | D        | Killed a two-headed ogre
  1252 | D        | Reached skill level 13 in Invocations
  1260 | D        | Reached skill level 14 in Invocations
  1278 | D        | Noticed a death yak
  1293 | D        | Killed a death yak
  1294 | D        | Reached XP level 10. HP: 48/76 MP: 20/20
  1296 | D        | Reached ****** piety under Makhleb
  1297 | D        | Reached skill level 10 in Fighting
  1297 | D        | Reached skill level 10 in Dodging
  1297 | D        | Reached skill level 10 in Shields
  1298 | D        | Reached skill level 10 in Axes
  1659 | D        | Reached skill level 15 in Invocations
  1665 | D        | Slain by an unseen horror

Illustrated notes

Levels and vault maps discovered:
D:        pitsprint [storerooms_1, entrance_room_1, metal_vault_4, armoury_1,
          mini_pit_1, grid_room_1, main_hall_1, silver_pit, the_coven_3,
          the_vestibule_1, steel_vault_4, golden_pit, hallway_of_sentries,
          crystal_vault_3, iron_vault_4, final_vault]

Skill      XL: |  1  2  3  4  5  6  7  8  9 10 |
---------------+-------------------------------+-----
Fighting       | 4 5 6 8 9 10 | 10.2
Axes           | 4 5 6 7 8 9 10 | 10.1
Dodging        | 4 5 6 8 9 10 | 10.2
Shields        | 4 5 6 7 8 9 10 | 10.2
Invocations    | 5 7 9 11 12 14 15 | 15.0

Action                     |  1- 3 |  4- 6 |  7- 9 | 10-12 || total
---------------------------+-------+-------+-------+-------++-------
  Melee: War axe           |     2 |    27 |    38 |    16 ||    83
         Constrict         |     1 |     5 |     6 |     1 ||    13
         Tentacles         |     1 |     3 |     9 |     4 ||    17
         Punch             |       |       |       |     1 ||     1
 Invoke: Greater Servant o |       |       |     1 |       ||     1
         Major Destruction |       |       |     2 |     1 ||     3
    Use: Potion            |       |     3 |     7 |     9 ||    19
         Scroll            |       |       |     1 |       ||     1
   Stab: Sleeping          |       |       |     2 |       ||     2
 Armour: Skin              |       |     1 |       |     2 ||     3
  Dodge: Dodged            |       |    31 |    18 |    33 ||    82
  Block: Buckler           |       |     7 |     6 |    15 ||    28

Table legend: (Time is in decaauts)
 A = Elapsed time spent in this place.
 B = Non-inter-level travel time spent in this place.
 C = Inter-level travel time spent in this place.
 D = Time resting spent in this place.
 E = Time spent auto-exploring this place.
 F = Levels seen in this place.
 G = Mean time per level.
                   A        B        C        D        E       F      G
               +--------+--------+--------+--------+--------+-----+--------+
         Total |   1671 |   1601 |     70 |   1173 |      0 |   1 | 1671.0 |
       Dungeon |   1671 |   1601 |     70 |   1173 |      0 |   1 | 1671.0 |
               +--------+--------+--------+--------+--------+-----+--------+

Top non-repeatable levels by time:
       D: 1671 daAuts
